 Dungeon Crawl Stone Soup version 0.30-a0-722-g3e6e8c874d (webtiles) character file.

Game seed: 6388963232784507622

172 testman the Magician (level 5, 0/38 HPs)
             Began as a Djinni Hedge Wizard on Jan 27, 2023.
             Slain by Duvessa
             ... wielding a +0 short sword
              (4 damage)
             ... on level 4 of the Dungeon.
             The game lasted 00:07:54 (2440 turns).

testman the Magician (Djinni Hedge Wizard)          Turns: 2440, Time: 00:07:54

Health: 0/38       AC:  2    Str: 15    XL:     5   Next: 82%
Gold:   174        EV: 12    Int: 17    God:
                   SH:  4    Dex: 13

rFire   + + .      SeeInvis .    i - +3 whip (venom)
rCold   x . .      Faith    .    k - +0 buckler
rNeg    . . .      Spirit   .    b - +0 robe
rPois   ∞          Reflect  .    c - +0 hat
rElec   .          Harm     .    (no cloak)
rCorr   .          Rampage  .    (no gloves)
Will    .....                    (boots unavailable)
Stlth   ++                       (no amulet)
HPRegen 0.26/turn                g - +6 ring of strength
MPRegen 0.00/turn                (no ring)

@: flying
A: sickness immunity, fire resistance 2, cold vulnerability 1, float, innate
caster, HP casting, extra vitality 1
a: no special abilities


You were on level 4 of the Dungeon.
You visited 1 branch of the dungeon, and saw 4 of its levels.

You collected 174 gold pieces.

Inventory:

Hand Weapons
 a - a +0 dagger
 i - a +3 whip of venom (weapon)
 r - a +0 falchion
 t - a +0 dagger of protection
Armour
 b - a +0 robe (worn)
 c - a +0 hat (worn)
 k - a +0 buckler (worn)
Jewellery
 g - a +6 ring of strength (left hand)
Scrolls
 h - 3 scrolls of immolation {unknown}
 j - a scroll of noise {unknown}
 m - 2 scrolls of silence {unknown}
 n - 2 scrolls of vulnerability {unknown}
 o - a scroll of identify {unknown}
 p - 2 scrolls of poison {unknown}
 q - a scroll of enchant armour {unknown}
Potions
 d - 2 potions of magic
 e - 2 potions of flight {unknown}
 f - 2 potions of haste {unknown}
 l - a potion of might {unknown}
 s - a potion of ambrosia {unknown}


   Skills:
 + Level 2.1 Fighting
 - Level 2.9 Dodging
 - Level 2.2 Stealth
 + Level 2.0 Shields
 + Level 3.3 Spellcasting


You couldn't memorise any spells.
You knew the following spells:

 Your Spells              Type           Power      Damage    Failure   Level
a - Magic Dart            Conj           56%        1d5       6%          1
b - Slow                  Hex            56%        N/A       6%          1
c - Blink                 Tloc           28%        N/A       9%          2
d - Call Imp              Summ           14%        N/A       9%          2
e - Mephitic Cloud        Conj/Pois/Air  14%        N/A       17%         3
f - Shock                 Conj/Air       56%        1d6       6%          1
g - Wereblood             Tmut           14%        N/A       9%          2
Your spell library was empty.

Dungeon Overview and Level Annotations

Branches:
Dungeon (4/15)
 Temple: D:4-7

Altars:
Yredelemnul

Annotations:
D:4 Duvessa


Innate Abilities, Weirdness & Mutations

You are immune to sickness and miasma.
You are immune to poison.
Your flesh is very heat resistant. (rF++)
You are vulnerable to cold. (rC-)
You float through the air rather than walking.
You learn spells naturally, not from books.
Your magical power is your life essence.
You have superior vitality. (+4 MHP)


Message History

Duvessa is moderately wounded.
Dowan points at you and mumbles some strange words.
The puff of flame hits you. You resist.
You hit Duvessa but do no damage.
Duvessa looks as sick as possible!
Duvessa is moderately wounded.
Casting: Mephitic Cloud (quite dangerous; 19% risk of failure)
Confirm with . or Enter, or press ? or * to list all spells.
A beastly little devil appears in a puff of flame.
Your magical contamination has completely faded away.
You hit Dowan but do no damage.
Dowan is poisoned.
Dowan is lightly wounded.
Dowan points at you and mumbles some strange words.
The puff of frost misses you.
Your crimson imp blinks!
You hit Dowan but do no damage.
Dowan looks as sick as possible!
Dowan is lightly wounded.
Dowan hits you with a +0 dagger.
Your crimson imp barely misses Dowan.
You hit Duvessa but do no damage.
Duvessa looks as sick as possible!
Duvessa is heavily wounded.
Dowan hits you with a +0 dagger.
Your crimson imp barely misses Dowan.
Duvessa barely misses you.
You hit Duvessa but do no damage.
Duvessa looks as sick as possible!
Duvessa is heavily wounded.
Dowan misses you.
Your crimson imp closely misses Dowan.
You hit Dowan.
Dowan is severely wounded.
Dowan gestures wildly while chanting.
Dowan blinks!
Dowan says, "Stay away from my face!"
You hit Duvessa but do no damage.
Duvessa is severely wounded.
You kill Dowan!
Duvessa screams, "No!
How DARE you!"
Duvessa shakes off her lethargy.
Duvessa goes berserk!
Your Fighting skill increases to level 2!
Your Shields skill increases to level 2!
Duvessa hits you with a +0 short sword!
* * * LOW HITPOINT WARNING * * *
Duvessa hits you with a +0 short sword.
You die...

##.........## #..# ##
#.....####..#####..## #
##.....## #....).....# #
#...)...##########.....##
#..........## #...#...
..###..#....## #..##### .
##..#....# #..# #
##.5....## #..# ##.@....#
#..# #e.......# ..#
##....#.... #....##...
.......... ..........
.......... ......###.


You could see Duvessa (berserk, confused, extremely poisoned, ally target) and a
friendly crimson imp (summoned).

Vanquished Creatures
  Dowan (D:4)
  An adder (D:2)
  A worm (D:3)
  6 orcs
  6 endoplasms
  4 giant cockroaches
  2 goblins
  9 hobgoblins
  5 kobolds
  3 quokkas
  3 ball pythons
  6 bats
  4 frilled lizards
  9 rats
60 creatures vanquished.

Vanquished Creatures (collateral kills)
  Natasha (D:2)
  A gnoll (D:1)
  A worm (D:3)
  A rat (D:2)
4 creatures vanquished.

Grand Total: 64 creatures vanquished

Notes
Turn   | Place    | Note
-------+----------+-------------------------------------------
     0 | D:1      | testman the Djinni Hedge Wizard began the quest for the
                  | Orb.
     0 | D:1      | testman set off with the following spells memorised: Magic
                  | Dart, Slow, Blink, Call Imp, Mephitic Cloud.
     0 | D:1      | Reached XP level 1. HP: 15/15 MP: 0/0
    24 | D:1      | Found a faded altar of an unknown god.
   115 | D:1      | Reached XP level 2. HP: 12/21 MP: 0/0
   576 | D:1      | Reached XP level 3. HP: 24/25 MP: 0/0
   576 | D:1      | Learned a level 1 spell: Shock
  1059 | D:2      | Reached XP level 4. HP: 23/31 MP: 0/0
  1552 | D:2      | Reached skill level 1 in Fighting
  1683 | D:2      | Noticed Natasha
  1694 | D:2      | Killed Natasha
  1695 | D:2      | Reached skill level 1 in Shields
  1695 | D:2      | Reached skill level 3 in Spellcasting
  1921 | D:3      | Reached XP level 5. HP: 34/37 MP: 0/0
  1921 | D:3      | Learned a level 2 spell: Wereblood
  2003 | D:3      | Identified the +4 spear of Indignation {drain, Will+++
                  | Str+2 Dex+3}
  2208 | D:3      | Found a basalt altar of Yredelemnul.
  2419 | D:4      | Noticed Duvessa
  2421 | D:4      | Noticed Dowan
  2438 | D:4      | Killed Dowan
  2440 | D:4      | Slain by Duvessa

Illustrated notes

Levels and vault maps discovered:
D:1:      lemuel_arrival_hallway, layout_loops_corners,
          shapermc_ecumenical_altar_starsandcircs, serial_park_tiny_2
D:2:      layout_basic, uniq_natasha
D:3:      layout_rooms, mainiacjoe_overflow_surrounded_room
D:4:      layout_layer_cave, uniq_duvessa

Skill      XL: |  1  2  3  4  5 |
---------------+----------------+-----
Stealth        | 2 |  2.2
Fighting       | 1 2 |  2.1
Shields        | 1 2 |  2.0
Spellcasting   | 3 |  3.3
Dodging        | |  2.9

Action                     |  1- 3 |  4- 6 || total
---------------------------+-------+-------++-------
  Melee: Dagger            |    19 |       ||    19
         Whip              |     5 |    42 ||    47
   Cast: Magic Dart        |    56 |    54 ||   110
         Shock             |     3 |    12 ||    15
         Call Imp          |     2 |     4 ||     6
         Wereblood         |       |     2 ||     2
         Slow              |       |     1 ||     1
         Mephitic Cloud    |       |     1 ||     1
   Stab: Sleeping          |     1 |     2 ||     3
 Armour: Robe              |     3 |     3 ||     6
  Dodge: Dodged            |    20 |    17 ||    37
  Block: Buckler           |       |     5 ||     5

Table legend: (Time is in decaauts)
 A = Elapsed time spent in this place.
 B = Non-inter-level travel time spent in this place.
 C = Inter-level travel time spent in this place.
 D = Time resting spent in this place.
 E = Time spent auto-exploring this place.
 F = Levels seen in this place.
 G = Mean time per level.
                   A        B        C        D        E       F      G
               +--------+--------+--------+--------+--------+-----+--------+
         Total |   2444 |   2341 |    103 |      0 |   1984 |   4 |  611.0 |
       Dungeon |   2444 |   2341 |    103 |      0 |   1984 |   4 |  611.0 |
               +--------+--------+--------+--------+--------+-----+--------+

Top non-repeatable levels by time:
     D:1: 1049 daAuts
     D:2: 749 daAuts
     D:3: 536 daAuts
     D:4: 109 daAuts
